 Dungeon Crawl Stone Soup version 0.30-a0-772-g5528072125 (webtiles) character file.

Game seed: 9063019989563908772

353 xian the Trooper (level 6, 0/84 HPs)
             Began as a Minotaur Berserker on Feb 12, 2023.
             Was a Believer of Trog.
             Slain by Edmund
             ... wielding a +6 dire flail of protection
              (16 damage)
             ... on level 4 of the Dungeon.
             The game lasted 00:06:36 (2069 turns).

xian the Trooper (Minotaur Berserker)               Turns: 2069, Time: 00:06:37

Health: 0/84       AC:  3    Str: 23    XL:     6   Next: 35%
Magic:  5/5        EV: 12    Int:  4    God:    Trog [**....]
Gold:   26         SH:  0    Dex: 10    Spells: 5/5 levels left

rFire   x . .      SeeInvis .    a - +0 short sword
rCold   + . .      Faith    .    (no shield)
rNeg    . . .      Spirit   .    g - +0 leather armour
rPois   .          Reflect  .    (helmet restricted)
rElec   .          Harm     .    (no cloak)
rCorr   .          Rampage  .    (no gloves)
Will    ++...                    (no boots) Stlth
                                 (no amulet)
HPRegen 1.34/turn                l - ring of ice
MPRegen 0.09/turn                (no ring)

@: berserking (expiring), lethally poisoned (0 -> 0), strong-willed,
regenerating, very quick
A: horns 2, retaliatory headbutt
a: Renounce Religion, Berserk, Trog's Hand


You were on level 4 of the Dungeon.
You worshipped Trog.
Trog was pleased with you.
You visited 1 branch of the dungeon, and saw 4 of its levels.

You collected 101 gold pieces.
You spent 75 gold pieces at shops.

Inventory:

Hand Weapons
 a - a +0 short sword (weapon)
Missiles
 b - 5 stones
 v - 20 poisoned darts (quivered)
Armour
 g - a +0 leather armour (worn)
Jewellery
 l - a ring of ice (left hand)
Wands
 h - a wand of flame (48)
Scrolls
 c - a scroll of noise {unknown}
 d - 2 scrolls of enchant armour {unknown}
 j - a scroll of fog {unknown}
 m - 2 scrolls of teleportation {unknown}
 n - 3 scrolls of identify {unknown}
 o - a scroll of brand weapon {unknown}
 r - a scroll of enchant weapon {unknown}
 s - a scroll of poison {unknown}
 t - a scroll of vulnerability {unknown}
 u - a scroll of immolation {unknown}
 x - a scroll of magic mapping {unknown}
Potions
 e - 2 potions of invisibility {unknown}
 f - 3 potions of cancellation {unknown}
 i - a potion of mutation {unknown}
 k - a potion of haste {unknown}
 p - 3 potions of lignification {unknown}
 q - a potion of magic {unknown}
 w - a potion of heal wounds {unknown}
 z - a potion of brilliance {unknown}


   Skills:
 + Level 5.6 Fighting
 + Level 5.1 Short Blades
 + Level 0.6 Throwing
 + Level 3.4 Armour
 + Level 4.2 Dodging


You had 5 spell levels left.
You didn't know any spells.
Your spell library contained the following spells:

 Spells                   Type           Power      Damage    Failure   Level
 Kiss of Death            Conj/Necr      0%         2d5       54%         1
 Sandblast                Erth           0%         2d4       54%         1
 Ensorcelled Hibernation  Hex/Ice        0%         N/A       69%         2
 Passwall                 Tmut/Erth      0%         N/A       69%         2
 Ozocubu's Armour         Ice            0%         N/A       89%         3
 Spider Form              Tmut/Pois      0%         N/A       89%         3
 Stone Arrow              Conj/Erth      0%         3d7       89%         3
 Anguish                  Hex/Necr       0%         N/A       100%        4
 Irradiate                Conj/Tmut      0%         3d11      100%        5
 Metabolic Englaciation   Hex/Ice        0%         N/A       100%        5
 Simulacrum               Ice/Necr       0%         N/A       100%        6
 Dragon Form              Tmut           0%         N/A       100%        7
 Spellforged Servitor     Conj/Summ      0%         N/A       100%        7


Dungeon Overview and Level Annotations

Branches:
Dungeon (4/15)
 Temple: D:4-7

Altars:
Nemelex Xobeh

Shops:
D:1 *==(

Annotations:
D:4 Edmund


Innate Abilities, Weirdness & Mutations

You have a pair of horns on your head.
You reflexively headbutt those who attack you in melee.


Message History

Edmund is moderately wounded.
You feel sick. The scorpion completely misses you.
You hit Edmund.
Edmund is heavily wounded.
You feel sick.
Edmund hits you with a +6 dire flail of protection!
The orc closely misses you. You furiously retaliate!
You headbutt the orc!
You kill the orc!
Trog accepts your kill. The necrophage hits you.
* * * LOW HITPOINT WARNING * * *
You barely miss Edmund. Your headbutt misses Edmund.
Edmund is heavily wounded.
You feel sick. The scorpion barely misses you.
You barely miss Edmund.
Edmund is heavily wounded.
You feel sick. Edmund barely misses you. The scorpion barely misses you.
The necrophage barely misses you. You furiously retaliate!
You headbutt the necrophage!! You barely miss Edmund.
Your headbutt misses Edmund.
Edmund is heavily wounded.
You feel sick.
You barely miss Edmund.
Edmund is heavily wounded.
You feel sick. The scorpion barely misses you. You furiously retaliate!
You headbutt the scorpion!
You kill the scorpion!
Trog accepts your kill.
Edmund hits you with a +6 dire flail of protection.
* * * LOW HITPOINT WARNING * * *
The gnoll completely misses you. The necrophage hits you.
* * * LOW HITPOINT WARNING * * *
You hit Edmund but do no damage.
Edmund is heavily wounded.
You feel sick.
You closely miss Edmund. Your headbutt misses Edmund.
Edmund is heavily wounded.
You feel sick.
Edmund hits you with a +6 dire flail of protection!
You die...

....# ......
..... ..$..)
.....# ##......
......##.......
...............
..............#
......@....# .#
.......@.###.#
.....gg$n.<.#
............#
....g.......#
.....##......#
....##...##.?#
.......... ###
###.n....#
###...#


You could see Edmund, a necrophage and 3 gnolls.

Vanquished Creatures
  Sigmund (D:3)
  A scorpion (D:4)
  Natasha (D:2)
  2 adders
  A dart slug (D:3)
  An orc (D:4)
  8 ball pythons
  4 endoplasms (D:1)
  A giant cockroach (D:1)
  5 goblins
  9 hobgoblins
  7 jackals
  7 kobolds
  5 quokkas
  7 bats
  4 frilled lizards
  4 rats
68 creatures vanquished.

Notes
Turn   | Place    | Note
-------+----------+-------------------------------------------
     0 | D:1      | xian the Minotaur Berserker began the quest for the Orb.
     0 | D:1      | Reached XP level 1. HP: 19/19 MP: 0/0
    87 | D:1      | Reached XP level 2. HP: 21/27 MP: 1/1
   166 | D:1      | Found Liuroobi's Antique Weapon Boutique.
   231 | D:1      | Found Pacvic's Jewellery Shoppe.
   336 | D:1      | Reached XP level 3. HP: 33/33 MP: 2/2
   386 | D:1      | Reached ** piety under Trog
   431 | D:1      | You fall into a shaft and drop 1 floor!
   749 | D:1      | Found Boed's Assorted Antiques.
   753 | D:1      | Bought a silvery potion for 25 gold pieces
   753 | D:1      | Bought a cyan potion for 25 gold pieces
   753 | D:1      | Bought a golden potion for 25 gold pieces
   806 | D:1      | Found Hyalubia's Jewellery Shop.
   875 | D:1      | Found a faded altar of an unknown god.
  1095 | D:2      | Noticed Natasha
  1102 | D:2      | Killed Natasha
  1103 | D:2      | Reached XP level 4. HP: 40/40 MP: 3/3
  1115 | D:2      | Got the Elucidation of Power and Teratogeny
  1152 | D:3      | Found a sparkling altar of Nemelex Xobeh.
  1435 | D:3      | Noticed Sigmund
  1446 | D:3      | Killed Sigmund
  1447 | D:3      | Reached skill level 5 in Fighting
  1447 | D:3      | Reached skill level 5 in Short Blades
  1447 | D:3      | Reached XP level 5. HP: 48/48 MP: 4/4
  1447 | D:3      | Reached XP level 6. HP: 56/56 MP: 5/5
  2051 | D:4      | Noticed Edmund
  2069 | D:4      | Slain by Edmund

Illustrated notes

Levels and vault maps discovered:
D:1:      dpeg_arrival_simpleton_c, layout_rooms,
          dreamdust_ecumenical_altar_statues, serial_shops,
          nicolae_shop_hallway_stairs, nicolae_shop_overgrown_old_shop, shop,
          nicolae_shop_advertising_works [nicolae_subvault_shop_adworks],
          nicolae_concentric_dashed_squares_mild
D:2:      layout_rooms, uniq_natasha
D:3:      layout_loops_ring, nemelex_xobeh_ov_fountains_minmay, uniq_sigmund
D:4:      layout_cave_pools, nicolae_ossuary_entry_monument, uniq_edmund,
          uniq_crazy_yiuf_cottage, uniq_duvessa

Skill      XL: |  1  2  3  4 |
---------------+-------------+-----
Fighting       | 4 5 |  5.6
Short Blades   | 4 5 |  5.1
Dodging        | 3 4 |  4.2
Armour         | 3 |  3.4
Throwing       | |  0.6

Action                     |  1- 3 |  4- 6 || total
---------------------------+-------+-------++-------
  Melee: Short sword       |   120 |    63 ||   183
         Headbutt          |    14 |     6 ||    20
         Punch             |     1 |       ||     1
  Throw: Dart              |       |     3 ||     3
         Stone             |       |     3 ||     3
 Invoke: Berserk           |     3 |     2 ||     5
         Trog's Hand       |       |     1 ||     1
 Armour: Animal skin       |    16 |       ||    16
         Leather armour    |    15 |    13 ||    28
  Dodge: Dodged            |    82 |    44 ||   126

Table legend: (Time is in decaauts)
 A = Elapsed time spent in this place.
 B = Non-inter-level travel time spent in this place.
 C = Inter-level travel time spent in this place.
 D = Time resting spent in this place.
 E = Time spent auto-exploring this place.
 F = Levels seen in this place.
 G = Mean time per level.
                   A        B        C        D        E       F      G
               +--------+--------+--------+--------+--------+-----+--------+
         Total |   2071 |   2002 |     69 |      0 |   1325 |   4 |  517.8 |
       Dungeon |   2071 |   2002 |     69 |      0 |   1325 |   4 |  517.8 |
               +--------+--------+--------+--------+--------+-----+--------+

Top non-repeatable levels by time:
     D:3: 922 daAuts
     D:1: 611 daAuts
     D:2: 524 daAuts
     D:4: 12 daAuts
